 Dungeon Crawl Stone Soup version 0.21.1-1-g345015fe64 (webtiles) character file.

107 Loge the Shooter (level 4, -1/38 HPs)
             Began as a Centaur Hunter on July 16, 2018.
             Slain by a bullfrog (5 damage)
             ... on level 3 of the Dungeon.
             The game lasted 00:11:31 (2479 turns).

Loge the Shooter (Centaur Hunter)                   Turns: 2479, Time: 00:11:32

Health: -1/38      AC:  5    Str: 14    XL:     4   Next: 57%
Magic:  4/4        EV:  8    Int: 10    God:
Gold:   89         SH:  0    Dex: 11    Spells: 3/3 levels left

rFire    . . .     SeeInvis .   a - +1 shortbow
rCold    . . .     Gourm    .   (shield currently unavailable)
rNeg     . . .     Faith    .   v - +0 ring mail
rPois    .         Spirit   .   (no helmet)
rElec    .         Reflect  .   (no cloak)
rCorr    .         Harm     .   (no gloves)
MR       .....                  (no barding)
Stlth    ..........             w - amulet of regeneration
HPRegen  0.52/turn              (no ring)
MPRegen  0.09/turn              (no ring)

@: very quick
A: large, hooves 3, deformed body, speed 2, tough skin 3
a: no special abilities


You were on level 3 of the Dungeon.
You were not hungry.

You visited 1 branch of the dungeon, and saw 5 of its levels.

You collected 89 gold pieces.

Inventory:

Hand Weapons
 a - a +1 shortbow (weapon)
 b - a +0 short sword
Missiles
 d - 64 arrows (quivered)
 g - 5 tomahawks
 m - 3 needles of sleeping
 y - 11 poisoned needles
Armour
 h - a +0 scale mail
 v - a +0 ring mail (worn)
Jewellery
 w - an amulet of regeneration (around neck)
Scrolls
 e - 2 scrolls of magic mapping {unknown}
 i - 4 scrolls of identify {unknown}
 k - a scroll of amnesia {unknown}
 n - a scroll of remove curse {unknown}
 o - 2 scrolls of random uselessness {unknown}
 t - 2 scrolls of teleportation {unknown}
 u - 2 scrolls of enchant armour {unknown}
Potions
 j - 3 potions of curing {unknown}
 l - a potion of invisibility {unknown}
 p - a potion of lignification {unknown}
 q - a potion of flight {unknown}
 r - 2 potions of resistance {unknown}
 s - a potion of might {unknown}
 x - a potion of magic {unknown}
 z - a potion of agility {unknown}
 A - 2 potions of heal wounds {unknown}
 B - 2 potions of brilliance {unknown}
Comestibles
 c - 3 chunks of flesh
 f - 6 rations


   Skills:
 + Level 3.1 Fighting
 * Level 7.2 Bows
 - Level 1.3 Dodging
 - Level 0.4 Stealth


You had 3 spell levels left.
You didn't know any spells.

Dungeon Overview and Level Annotations

Branches:
Dungeon (5/15)
 Temple: D:4-7

Altars:
Hepliaklqana


Innate Abilities, Weirdness & Mutations

You have hooves in place of feet.
Armour fits poorly on your strangely shaped body.
You cover ground very quickly.
You have extremely tough skin. (AC +3)


Message History

Firing (i - inventory. (,) - cycle):
d - 67 arrows (quivered)
Press: ? - help, Shift-Dir - straight line, f - bullfrog
Aim: a bullfrog You shoot an arrow.
The arrow hits the bullfrog but does no damage.
The bullfrog barely misses you.
The bullfrog hits you but does no damage.
Firing (i - inventory. (,) - cycle):
d - 66 arrows (quivered)
Press: ? - help, Shift-Dir - straight line, f/p - bullfrog
Aim: a bullfrog You shoot an arrow.
The arrow hits the bullfrog.
The bullfrog is lightly wounded.
The bullfrog hits you!
* * * LOW HITPOINT WARNING * * *
Firing (i - inventory. (,) - cycle):
d - 65 arrows (quivered)
Press: ? - help, Shift-Dir - straight line, f/p - bullfrog
Aim: a bullfrog (lightly wounded)
You shoot an arrow. The arrow barely misses the bullfrog.
The bullfrog closely misses you. The bullfrog hits you.
You die...

#.........# #.#
#.###.###.# #.#
#.##...##.#####.#
#.............#.#
#.......#.###.#.#
#....>....# #...#
#..#...##.###.###
#..#.#.##.....#
#.@#...##.#.###
#.F#..###.#.#
#.........#.#
##.#..#####.#
#.#....###.#
#((........#
####.#.#####
#.#.# #.#.#


You could see a bullfrog.

Vanquished Creatures
  An adder (D:3)
  5 worms
  3 dart slugs (D:1)
  3 leopard geckos
  8 orcs
  4 ball pythons
  2 giant cockroaches
  7 goblins
  7 hobgoblins
  3 jackals (D:1)
  2 kobolds (D:2)
  2 quokkas
  4 bats
  5 frilled lizards
  10 rats
66 creatures vanquished.

Notes
Turn   | Place    | Note
-------+----------+-------------------------------------------
     0 | D:1      | Loge the Centaur Hunter began the quest for the Orb.
     0 | D:1      | Reached XP level 1. HP: 17/17 MP: 1/1
    92 | D:1      | Reached XP level 2. HP: 24/24 MP: 2/2
   327 | D:1      | Reached skill level 6 in Bows
   604 | D:1      | Reached XP level 3. HP: 30/30 MP: 3/3
  1342 | D:2      | Found a hazy altar of Hepliaklqana.
  1535 | D:3      | Reached XP level 4. HP: 26/37 MP: 4/4
  1871 | D:3      | Reached skill level 7 in Bows
  2428 | D:3      | You fall through a shaft for 2 floors!
  2428 | D:5      | Entered Level 5 of the Dungeon
  2449 | D:4      | Noticed a phantom
  2454 | D:4      | Noticed a bullfrog
  2479 | D:3      | Slain by a bullfrog

Skill      XL: |  1  2  3  4 |
---------------+-------------+-----
Bows           | 6 7 |  7.2
Fighting       | 3 |  3.1
Dodging        | |  1.3
Stealth        | |  0.4

Action                   |  1- 3 |  4- 6 || total
-------------------------+-------+-------++-------
Melee: Short sword       |   104 |    47 ||   151
       Kick              |    20 |    12 ||    32
 Fire: Shortbow          |    36 |    24 ||    60
  Eat: Chunk             |     1 |     2 ||     3
Armor: Leather armour    |    10 |       ||    10
       Scale mail        |    33 |       ||    33
       Ring mail         |     6 |    20 ||    26
Dodge: Dodged            |    31 |    19 ||    50
